 Dungeon Crawl Stone Soup version 0.17.2-1-ge4368a0 (webtiles) character file.

64 rlgrobin the Insei (level 3, -1/29 HPs)
             Began as a Mummy Monk on May 2, 2017.
             Slain by a worm (7 damage)
             ... on level 2 of the Dungeon.
             The game lasted 00:01:42 (2009 turns).

rlgrobin the Insei (Mummy Monk)                     Turns: 2009, Time: 00:01:42

Health: -1/29      AC:  0    Str: 14    XL:     3   Next: 91%
Magic:  3/3        EV: 13    Int:  9    God:
Gold:   82         SH:  0    Dex: 15    Spells: 0 memorised, 2 levels left

rFire  x . .     SeeInvis .       - Unarmed
rCold  + . .     Clarity  .     (no armour)
rNeg   + + +     SustAt   .     (no shield)
rPois  ∞         Gourm    .     (no helmet)
rElec  .         Spirit   .     (no cloak)
rCorr  .         Warding  .     (no gloves)
rMut   .         Stasis   .     (no boots)
MR     .....                    (no amulet)
Stlth  ++........               (no ring)
                                (no ring)

@: not resistant to hostile enchantments, unstealthy
A: no food or potions, fire vulnerability, cold resistance 1, negative energy
resistance 3, torment resistance, unbreathing
a: no special abilities


You were on level 2 of the Dungeon.
You were not hungry.

You visited 1 branch of the dungeon, and saw 2 of its levels.

You collected 82 gold pieces.


Innate Abilities, Weirdness & Mutations

You do not eat or drink.
Your flesh is vulnerable to fire.
You are immune to poison.
Your flesh is cold resistant.
You are immune to negative energy.
You are immune to unholy pain and torment.
You can survive without breathing.


   Skills:
 - Level 3.0 Fighting
 - Level 2.4 Dodging
 - Level 1.5 Stealth
 + Level 4.6 Unarmed Combat


You had 2 spell levels left.
You didn't know any spells.

Inventory:

Armour
 g - a +0 robe
Scrolls
 a - a scroll of recharging {unknown}
 b - a scroll of remove curse {unknown}
 c - a scroll of identify {unknown}
 d - a scroll of noise {unknown}
 e - a scroll of immolation {unknown}
 f - a scroll of teleportation {unknown}

Dungeon Overview and Level Annotations

Branches:
Dungeon (2/15)

Altars:
Okawaru

▒ ▒. ▒▒.▒▒▒▒▒▒ ..▒ ▒....
).. ..▒ ... ..▒ ..(▒
▒▒▒▒▒▒ ▒ ▒▒w▒▒.▒▒ ...▒▒
▒▒▒ .....▒
▒..▒..M▒..▒...... ..▒
▒▒▒▒.▒ ▒.........▒...▒▒▒
▒.▒ ▒ ▒.▒
......_........... ▒.▒
▒▒▒▒'▒▒▒
▒▒.....(..†▒▒▒▒▒▒▒▒▒▒▒.▒
▒......▒
▒...▒..(▒...............
.......▒
▒...▒▒.▒▒.▒▒▒▒▒▒▒▒▒▒▒▒.▒
.......▒
▒................ ...▒
.......▒
▒.▒.▒....▒.▒▒▒▒▒▒ ▒▒▒▒▒
.▒▒▒▒▒▒▒ ▒.▒...▒▒...▒


You could see a worm.


Message History

A worm is nearby!!!
A worm is nearby!!!
A worm is nearby!!!
A worm is nearby!!!
You pound the worm into fine dust!
The worm is moderately wounded!
You pound the worm into fine dust!
The worm is heavily wounded!
The worm barely misses you!
You barely miss the worm!
The worm is heavily wounded!
You pound the worm into fine dust!
The worm is severely wounded!
The worm bites you!!!
You take 12 damage, and have 17/29 hp!
MASSIVE DAMAGE!!!!!!
You squash the worm like an ant!
The worm is almost dead!
You barely miss the worm!
The worm is almost dead!
The worm bites you!!! * * * don't die
* * * You take 11 damage, and have 6/29 hp!
MASSIVE DAMAGE!!!!!!
You are too injured to fight recklessly!!!
You are too injured to fight recklessly!!!
You barely miss the worm!
The worm is almost dead!
You pummel the worm like a punching bag!
The worm is almost dead!
The worm bites you!!! rip

Action                   || total
-------------------------++-------
Melee: Unarmed           ||   111
 Stab: Sleeping          ||     4

Vault maps used:
D:1:      dpeg_arrival_shrine, st_stairs_10, solitary_fountain,
          grunt_decor_one_mirror, hangedman_abyss_or_decor_lesser_grid
D:2:      old_standard_altar, old_standard_altar, okawaru_gym_becter,
          uniq_jessica

Notes
Turn   | Place    | Note
--------------------------------------------------------------
     0 | D:1      | rlgrobin the Mummy Monk began the quest for the Orb.
     0 | D:1      | Reached XP level 1. HP: 18/18 MP: 1/1
   137 | D:1      | Reached XP level 2. HP: 20/24 MP: 2/2
   902 | D:1      | Reached skill level 4 in Unarmed Combat
  1193 | D:1      | Reached XP level 3. HP: 29/29 MP: 3/3
  1666 | D:2      | Noticed Jessica
  1670 | D:2      | Killed Jessica
  1991 | D:2      | Found an iron altar of Okawaru.
  2009 | D:2      | Slain by a worm

Vanquished Creatures
  Jessica (D:2)
  A worm (D:2)
  2 giant geckos (D:1)
  4 bats
  2 giant cockroaches (D:1)
  10 goblins
  3 hobgoblins (D:1)
  6 jackals (D:1)
  2 giant newts (D:1)
  A kobold (D:1)
  2 rats
34 creatures vanquished.
